 Dungeon Crawl Stone Soup version 0.29.1-12-g30fa7ad0bf (webtiles) character file.

Game seed: 6883979431925996105

1570 kingofthe the Ducker (level 8, -2/40 (41) HPs)
             Began as a Deep Elf Conjurer on Jan 16, 2023.
             Was an Initiate of Sif Muna.
             Slain by a centaur (4 damage)
             ... on level 6 of the Dungeon on Jan 17, 2023.
             The game lasted 00:36:13 (6796 turns).

kingofthe the Ducker (Deep Elf Conjurer)            Turns: 6796, Time: 00:36:14

HP:   -2/40 (41)    AC:  2    Str:  4    XL:     8   Next: 59%
MP:   14/20         EV: 15    Int: 24    God:    Sif Muna [......]
Gold: 328           SH:  0    Dex: 15    Spells: 11/21 levels left

rFire   . . .      SeeInvis +   a - +3 quarterstaff (speed)
rCold   . . .      Faith    .   (shield currently unavailable)
rNeg    . . .      Spirit   .   l - +0 robe
rPois   +          Reflect  .   (no helmet)
rElec   .          Harm     .   (no cloak)
rCorr   .          Rampage  .   (no gloves)
Will    .....                   (no boots)
Stlth   +++.......              (no amulet)
HPRegen 0.13/turn               e - ring of see invisible
MPRegen 0.17/turn               j - ring of poison resistance

@: about to teleport, lightly drained
A: no striking features
a: Renounce Religion


You were on level 6 of the Dungeon.
You worshipped Sif Muna.
Sif Muna was noncommittal.
You visited 2 branches of the dungeon, and saw 7 of its levels.

You collected 328 gold pieces.

Inventory:

Hand Weapons
 a - a +3 quarterstaff of speed (weapon)
 b - a +2 dagger of draining
 r - a +2 falchion of holy wrath
Armour
 l - a +0 robe (worn)
Jewellery
 e - a ring of see invisible (left hand)
 j - a ring of poison resistance (right hand)
Scrolls
 c - a scroll of noise {unknown}
 d - 5 scrolls of identify {unknown}
 f - a scroll of magic mapping {unknown}
 h - a scroll of vulnerability {unknown}
 k - a scroll of fear {unknown}
 n - 2 scrolls of enchant weapon
 o - a scroll of torment {unknown}
 p - a scroll of blinking {unknown}
 t - 2 scrolls of teleportation
Potions
 g - a potion of lignification
 q - a potion of magic
 w - a potion of heal wounds {unknown}
 x - a potion of flight


   Skills:
 + Level 7.5 Dodging
 - Level 6.0 Stealth
 + Level 7.2 Spellcasting
 + Level 6.8 Conjurations
 - Level 4.0 Hexes
 + Level 2.1 Translocations


You had 11 spell levels left.
You knew the following spells:

 Your Spells              Type           Power      Damage    Failure   Level
a - Magic Dart            Conj           100%       1d8       1%          1
b - Searing Ray           Conj           82%        2d7       1%          2
c - Dazzling Flash        Conj/Hex       68%        N/A       2%          3
d - Iskenderun's Mystic   Conj/Tloc      30%        2d8       11%         4

Your spell library contained the following spells:

 Spells                   Type           Power      Damage    Failure   Level
 Fulminant Prism          Conj/Hex       17%        3d11      8%          4
 Gell's Gravitas          Tloc           18%        N/A       9%          3
 Lesser Beckoning         Tloc           18%        N/A       9%          3
 Teleport Other           Tloc           18%        N/A       9%          3
 Scorch                   Fire           16%        2d6       11%         2
 Flame Wave               Conj/Fire      25%        2d8       17%         4
 Ozocubu's Armour         Ice            8%         N/A       22%         3
 Agony                    Necr           8%         N/A       89%         5
 Borgnjor's Vile Clutch   Necr/Erth      4%         N/A       89%         5
 Death Channel            Necr           4%         N/A       100%        6
 Summon Cactus Giant      Summ           4%         N/A       100%        6


Dungeon Overview and Level Annotations

Branches:
Dungeon (6/15)             Temple (1/1) D:6

Altars:
Ashenzari
Cheibriados
Dithmenos
Elyvilon
Fedhas
Gozag
Hepliaklqana
Kikubaaqudgha
Makhleb
Okawaru
Qazlal
Ru
Sif Muna
Trog
Uskayaw
Vehumet
Yredelemnul
Zin
The Shining One

Shops:
D:1 [   D:5 :

Annotations:
D:2 1 runed translucent door, exclusion: door, Crazy Yiuf


Message History

The centaur barely misses you.
The centaur kicks you but does no damage.
The wight hits you from afar with a +0 spear.
* * * LOW HITPOINT WARNING * * *
You feel drained.
* * * LOW HITPOINT WARNING * * *
The centaur hits you but does no damage.
The centaur completely misses you. The wight is attracted toward you.
The howler monkey is attracted toward you.
Unknown command.
It was a potion of might.
You feel very mighty all of a sudden.
A wight comes into view. It is wielding a +3 long sword.
The wight hits you with a +0 spear.
* * * LOW HITPOINT WARNING * * *
The centaur hits you.
* * * LOW HITPOINT WARNING * * *
The centaur kicks you but does no damage.
It was a potion of resistance.
You feel protected. The centaur barely misses you.
The centaur kicks you but does no damage.
The wight hits you but does no damage.
The centaur hits you but does no damage.
The centaur kicks you but does no damage.
It was a potion of cancellation.
Your magical effects are unravelling.
You feel magically purged.
You feel less wooden.
Your +0 robe unmelds from your body.
You feel a little less mighty now.
Your resistance to elements expires.
The sentinel's mark upon you fades away.
The wight hits you with a +0 spear.
* * * LOW HITPOINT WARNING * * *
The centaur hits you.
* * * LOW HITPOINT WARNING * * *
The centaur barely misses you.
You feel less attractive to monsters.
As you read the scroll of teleportation, it crumbles to dust.
You feel strangely unstable. The centaur hits you.
You die...

###.##.######.
#.............
#.#.#.#######. #...).z.# #
###.#.#.# # #.#.#h# #### #
#.#.#.# ..... #
#######.#.#z####......
..........#zhz@c.#
........############
.....)..'..........######...
........##########......#...
.......[# #......#..#
........# #......#..#
........# #......#..####
........# #......#..##..
........# #......#..##..


You could see a centaur, a howler monkey and 3 wights.

Vanquished Creatures
  Eustachio (D:3)
  Edmund (D:6)
  A water moccasin (D:5)
  A sky beast (D:6)
  3 black bears
  2 ogres
  2 scorpions
  4 hounds
  2 jellies
  An orc priest (D:5)
  4 iguanas
  3 orc wizards (D:5)
  4 gnolls
  8 adders
  2 white imps
  A dart slug (D:1)
  13 orcs
  3 endoplasms
  2 giant cockroaches (D:1)
  9 goblins
  3 hobgoblins
  2 jackals (D:1)
  4 quokkas
  2 ball pythons
  3 bats
  3 frilled lizards
  7 kobolds
  6 rats
97 creatures vanquished.

Vanquished Creatures (others)
  3 fungi
3 creatures vanquished.

Grand Total: 100 creatures vanquished

Notes
Turn   | Place    | Note
-------+----------+-------------------------------------------
     0 | D:1      | kingofthe the Deep Elf Conjurer began the quest for the
                  | Orb.
     0 | D:1      | Reached XP level 1. HP: 10/10 MP: 6/6
   126 | D:1      | Reached XP level 2. HP: 15/15 MP: 5/8
   209 | D:1      | Learned a level 2 spell: Searing Ray
   247 | D:1      | Found a faded altar of an unknown god.
   364 | D:1      | Found Ethrazxo's Armour Shoppe.
   467 | D:1      | Reached XP level 3. HP: 19/19 MP: 1/9
  1854 | D:2      | Found a runed translucent door.
  1855 | D:2      | Noticed Crazy Yiuf
  2048 | D:3      | Reached XP level 4. HP: 24/24 MP: 4/11
  2241 | D:3      | Got Parauq's Tractate on Chilled Maleficent Liturgies
  2786 | D:4      | Noticed Eustachio
  3095 | D:4      | Learned a level 3 spell: Dazzling Flash
  3147 | D:4      | Found an iron altar of Okawaru.
  3363 | D:4      | Reached XP level 5. HP: 28/28 MP: 7/13
  3453 | D:3      | Killed Eustachio
  3454 | D:3      | Reached skill level 5 in Dodging
  3454 | D:3      | Reached skill level 5 in Conjurations
  3454 | D:3      | Reached XP level 6. HP: 19/32 MP: 1/14
  3919 | D:4      | Reached skill level 1 in Hexes
  4324 | D:4      | Reached skill level 5 in Spellcasting
  4734 | D:5      | Entered Level 5 of the Dungeon
  4740 | D:5      | Reached skill level 5 in Stealth
  4740 | D:5      | Reached XP level 7. HP: 25/36 MP: 8/16
  5704 | D:5      | Reached XP level 8. HP: 41/41 MP: 9/18
  6063 | D:5      | Found Zaecusuz's Book Boutique.
  6212 | D:5      | Learned a level 4 spell: Iskenderun's Mystic Blast
  6468 | D:6      | Found a staircase to the Ecumenical Temple.
  6490 | Temple   | Entered the Ecumenical Temple
  6540 | Temple   | Became a worshipper of Sif Muna the Loreminder
  6599 | D:6      | Reached skill level 1 in Translocations
  6637 | D:6      | Noticed Edmund
  6646 | D:6      | Killed Edmund
  6795 | D:6      | HP: 2/40 [centaur (1)]
  6796 | D:6      | Slain by a centaur

Illustrated notes

Levels and vault maps discovered:
D:1:      ebering_trefoil_twist, layout_basic,
          dreamdust_ecumenical_altar_hidden_monk_grotto, serial_shops, shop
D:2:      layout_loops_cross, uniq_crazy_yiuf_cottage
D:3:      layout_basic
D:4:      layout_basic, mainiacjoe_overflow_24_doors, uniq_eustachio
D:5:      layout_cave_pools, serial_shops, shop
D:6:      layout_basic, nicolae_wu_jian_immortal_techniques,
          minmay_temple_entry_sparse_star, serial_shops,
          nicolae_shop_waterfront, nicolae_shop_temple_entry_statues_fountains,
          lightli_church_of_beogh, uniq_menkaure, uniq_edmund
Temple:   nicolae_temple_no_exploring_needed

Skill      XL: |  1  2  3  4  5  6  7  8 |
---------------+-------------------------+-----
Stealth        | 3 4 5 6 |  6.0
Dodging        | 3 4 5 6 7 |  7.5
Spellcasting   | 4 5 7 |  7.2
Conjurations   | 5 6 |  6.8
Hexes          | 2 3 4 |  4.0
Translocations | 2 |  2.1

Action                   |  1- 3 |  4- 6 |  7- 9 || total
-------------------------+-------+-------+-------++-------
Melee: Dagger            |     5 |     5 |       ||    10
 Cast: Magic Dart        |    72 |    47 |    72 ||   191
       Searing Ray       |     1 |    13 |    27 ||    41
       Dazzling Flash    |       |       |     4 ||     4
  Use: Potion            |       |       |     7 ||     7
       Scroll            |       |       |     3 ||     3
Armor: Robe              |       |     3 |     1 ||     4
       Skin              |       |       |    28 ||    28
Dodge: Dodged            |       |    21 |    45 ||    66
